Description

This is a macro oriented Build order. The opening is very classic with some timing attacks with overlord drops and nydus. The build order has been share by Denver: A 6k7 Zerg player on EU server and the VOD is commented with him.

For the early game, the main defense is mass queen oriented to deny evry mid game timing (before 6min mark). The goal is to have the fastest as possible mineral saturation to do the overlord drop with +1 attack and to mix it with a nydus playstyle.

If your opponent survive, your playstyle should be Roach / Hydralisk / Lurker.

Few tips :

  • The main goal with the timing attack is to focus the tech: Forge, Gates and if you can, Twilight+Templar archive
  • You should be ready for the 5min/5min30 timing attack which is very common as Protoss (phenix, drop archon, dark templar etc...)
  • You can totally delay your timing attack if you see an all-in (for example, cut at 55 drones to do more units)
  • Use your nydus to go everywhere and force mistakes
  • Prepare your technological transition : Don't forget upgrades, fourth base an lurker den!

VOD

https://youtu.be/aiFpsUbC_oo

Replay - Port_Aleksander_EC Denver

Build Order

Get SALT Encoding   

  12  0:00  Drone  
  13  0:13  Overlord  
  13  0:17  Drone  
  14  0:31  Drone x2  
  16  0:49  Hatchery  
  15  0:53  Drone x2  
  16  1:01  Drone  
  18  1:11  Extractor  
  18  1:17  Spawning Pool  
  16  1:21  Drone x2  
  18  1:30  Drone  
  21  2:04  Queen x2  
  21  2:05  Zergling x4  
  27  2:12  Overlord  
  28  2:17  Metabolic Boost  
  30  2:40  Hatchery  
  32  2:55  Overlord  
  33  3:04  Queen  
  42  3:21  Overlord  
  44  3:34  Overlord  
  44  3:39  Queen  
  51  3:50  Spore Crawler  
  54  4:05  Spore Crawler  
  55  4:15  Spore Crawler  
  54  4:17  Lair  
  58  4:25  Extractor  
  58  4:29  Queen  
  62  4:39  Queen  
  64  4:48  Zergling x16  
  72  4:59  Spore Crawler  
  70  5:05  Queen  
  79  5:14  Extractor  
  79  5:15  Roach Warren  
  79  5:17  Overseer  
  77  5:27  Extractor  
  87  5:36  Extractor x2  
  83  5:56  Glial Reconstitution  
  83  6:00  Hydralisk Den  
  83  6:01  Evolution Chamber  
  86  6:05  Hatchery  
  85  6:11  Roach x5  
  85  6:18  Pneumatized Carapace  
  99  6:23  Roach x4  
  107  6:29  Zerg Missile Weapons Level 1  
  107  6:32  Hatchery  
  106  6:36  Hydralisk x4  
  113  6:43  Grooved Spines  
  113  6:45  Roach  
  121  6:48  Overseer  
  133  7:26  Hydralisk x5  
  151  7:37  Hydralisk  
  151  7:39  Nydus Network  
  170  8:19  Overseer  
  182  8:40  Extractor  
  181  8:44  Overseer  
  185  8:48  Hatchery  
  193  9:02  Nydus Canal  
  187  9:20  Nydus Canal  
  152  9:42  Extractor  
Spawning Tool Build Advisor. Get it on Overwolf

Go to:

Details

  • Created by: zuka      
  • Published on: Mar 22, 2019
  • Modified on: Mar 22, 2019
  • Patch: 4.7.1
Show
View Real Time Build Order
Export as new Build Order

Comments (0)

There are no comments. Be the first!

Create an account to comment!